Map: 回聲 - 天梯版(虛空之遺)

Players

Jim

  • Race: Protoss Protoss
  • Spawn Location: 5:00

Kelazhur - Winner!

  • Race: Terran Terran
  • League: Diamond
  • Spawn Location: 11:00

Event: WESG 2016 Finals

VOD

Have the link to the VOD?

Description

Time

  • Played on: Jan. 13, 2017, 3:06 a.m.
  • Length: 11:37

All games in this series

Show
View Real Time Build Order
Export as new Build Order

Jim Protoss 

Build Orders: Oracle Opening 

Get SALT Encoding   

  13  0:09  Pylon  
  13  0:13  Probe (Chrono Boost)  
  13  0:28  Gateway  
  13  0:30  Probe (Chrono Boost)  
  14  0:41  Probe (Chrono Boost)  
  14  0:42  Assimilator  
  15  0:46  Assimilator  
  15  0:51  Probe (Chrono Boost)  
  16  1:02  Probe (Chrono Boost)  
  17  1:12  Probe (Chrono Boost)  
  17  1:15  Cybernetics Core  
  18  1:23  Probe (Chrono Boost)  
  18  1:25  Pylon  
  19  1:33  Probe (Chrono Boost)  
  20  1:44  Probe (Chrono Boost)  
  21  1:47  Adept  
  23  1:58  Mothership Core (Chrono Boost)  
  25  2:03  Stargate  
  25  2:11  Adept  
  25  2:15  Warp Gate  
  27  2:18  Probe (Chrono Boost)  
  28  2:31  Pylon  
  28  2:32  Probe (Chrono Boost)  
  29  2:44  Oracle  
  29  2:46  Pylon  
  33  2:52  Probe (Chrono Boost), Pylon  
  33  3:04  Probe (Chrono Boost)  
  34  3:17  Nexus  
  34  3:21  Oracle  
  37  3:37  Probe (Chrono Boost)  
  38  3:41  Pylon  
  38  3:49  Gateway  
  38  3:57  Gateway  
  38  4:01  Probe (Chrono Boost)  
  38  4:02  Oracle  
  42  4:13  Probe (Chrono Boost)  
  43  4:21  Stalker  
  43  4:41  Probe (Chrono Boost)  
  43  4:45  Probe (Chrono Boost)  
  43  4:52  Gateway  
  43  4:54  Probe (Chrono Boost), Stalker  
  43  4:57  Probe (Chrono Boost)  
  45  5:00  Stalker x2  
  49  5:08  Pylon  
  49  5:19  Probe (Chrono Boost)  
  49  5:20  Probe (Chrono Boost)  
  45  5:29  Probe (Chrono Boost)  
  45  5:30  Sentry x3  
  45  5:32  Probe (Chrono Boost)  
  53  5:36  Robotics Facility  
  53  5:40  Probe (Chrono Boost)  
  53  5:42  Pylon  
  54  5:54  Assimilator  
  54  6:00  Probe (Chrono Boost)  
  54  6:01  Probe (Chrono Boost)  
  54  6:02  Forge  
  54  6:03  Twilight Council  
  56  6:10  Probe (Chrono Boost)  
  57  6:14  Probe (Chrono Boost)  
  58  6:20  Observer  
  58  6:22  Probe (Chrono Boost)  
  61  6:26  Probe (Chrono Boost)  
  61  6:29  Resonating Glaives  
  61  6:31  Pylon  
  61  6:33  Protoss Ground Weapons Level 1, Nexus  
  61  6:34  Probe (Chrono Boost), Pylon  
  62  6:45  Immortal  
  66  6:56  Probe x2 (Chrono Boost)  
  68  7:02  Adept x2  
  68  7:03  Adept  
  74  7:09  Pylon  
  74  7:19  Immortal  
  74  7:25  Pylon  
  74  7:28  Adept x3  
  83  7:40  Pylon  
  83  7:49  Adept x3  
  89  7:57  Immortal  
  78  7:59  Blink  
  67  8:11  Stalker x2  
  67  8:12  Stalker  
  70  8:21  Probe x2 (Chrono Boost)  
  70  8:23  Probe (Chrono Boost)  
  71  8:28  Gateway  
  71  8:31  Gateway  
  71  8:32  Protoss Ground Armor Level 1, Assimilator  
  71  8:34  Observer  
  71  8:37  Adept x2  
  71  8:38  Adept  
  79  8:42  Probe (Chrono Boost)  
  79  8:45  Probe (Chrono Boost)  
  79  8:46  Probe (Chrono Boost)  
  78  9:01  Probe x2 (Chrono Boost)  
  77  9:20  Mothership Core (Chrono Boost)  
  77  9:22  Adept x2  
  77  9:23  Adept  
  84  9:26  Probe x2 (Chrono Boost)  
  84  9:28  Warp Prism  
  85  9:36  Sentry, Adept  
  85  9:38  Probe (Chrono Boost)  
  93  9:40  Probe (Chrono Boost)  
  93  9:42  Probe (Chrono Boost)  
  93  9:45  Adept x3  
  96  9:50  Probe (Chrono Boost)  
  101  9:54  Gateway  
  101  9:56  Probe x2 (Chrono Boost)  
  101  9:57  Pylon  
  103  10:00  Immortal  
  103  10:01  Sentry  
  103  10:02  Sentry  
  111  10:09  Stalker  
  111  10:13  Stalker  
  113  10:27  Stalker x2  
  114  10:30  Stalker  
  114  10:34  Adept  
  118  10:39  Stalker  
  120  10:46  Pylon  
  120  10:51  Adept x2  
  120  11:09  Adept x4  
  72  11:18  Stalker x2  
  66  11:30  Stalker  
  66  11:31  Stalker x3  
Show
View Real Time Build Order
Export as new Build Order

Kelazhur Terran - Winner!

Build Orders: Cyclone Opening, MMM Bio 

Get SALT Encoding   

  12  0:00  SCV  
  13  0:13  SCV  
  14  0:17  Supply Depot  
  14  0:25  SCV  
  14  0:27  Refinery  
  15  0:38  SCV  
  16  0:44  Barracks  
  16  0:50  SCV  
  17  1:03  SCV  
  18  1:15  SCV  
  19  1:30  Marine, Factory  
  19  1:31  Orbital Command  
  19  1:32  Supply Depot  
  20  1:37  Refinery  
  20  1:54  Barracks Reactor  
  20  1:56  SCV  
  21  2:08  SCV  
  21  2:14  Cyclone  
  25  2:16  Bunker  
  25  2:20  SCV  
  26  2:31  Marine  
  26  2:32  Marine, Starport  
  26  2:33  SCV  
  29  2:39  Supply Depot  
  29  2:49  Marine x2  
  31  2:57  Engineering Bay  
  31  3:00  SCV  
  32  3:09  Marine x2  
  32  3:10  Widow Mine  
  36  3:13  Supply Depot  
  36  3:18  Medivac  
  38  3:23  SCV  
  39  3:34  Marine  
  39  3:35  Supply Depot, Marine  
  40  3:51  SCV  
  40  3:52  Marine  
  40  3:53  Marine  
  43  3:56  Missile Turret  
  43  3:58  Cyclone  
  43  4:00  Viking  
  48  4:10  Marine x2  
  50  4:30  Command Center  
  49  4:32  Marine x2  
  49  4:35  SCV  
  47  4:50  Marine x2  
  46  4:53  SCV  
  47  5:00  Cyclone  
  47  5:01  Viking  
  52  5:07  Supply Depot, Marine  
  52  5:08  Marine  
  52  5:12  SCV  
  48  5:24  SCV  
  48  5:25  Marine  
  48  5:26  Marine  
  54  5:36  SCV  
  54  5:41  Factory Tech Lab  
  52  5:44  Barracks  
  52  5:48  SCV  
  53  5:52  Marine x2  
  53  5:56  Barracks  
  55  6:02  Siege Tank  
  55  6:03  Bunker  
  58  6:10  SCV  
  59  6:13  Orbital Command  
  59  6:17  Marine  
  60  6:18  Marine  
  60  6:19  Liberator  
  60  6:22  SCV  
  62  6:33  Barracks Tech Lab  
  62  6:34  Siege Tank, SCV  
  69  6:40  SCV  
  69  6:46  Marine x2, SCV  
  73  6:48  Barracks Tech Lab  
  73  6:52  SCV  
  73  6:53  Stimpack  
  74  6:56  Marine  
  74  7:00  SCV  
  76  7:04  SCV  
  77  7:10  Combat Shields  
  77  7:11  Supply Depot, Terran Infantry Weapons Level 1  
  77  7:16  SCV  
  78  7:32  Siege Tank, Marine x4, SCV  
  86  7:37  Starport Reactor  
  86  7:53  SCV  
  86  7:54  SCV  
  86  7:56  Marine  
  86  7:57  Marine  
  81  7:59  Marine  
  81  8:04  Marauder, Siege Tank  
  82  8:06  SCV x2  
  82  8:07  Barracks x2  
  79  8:14  Refinery  
  79  8:15  Refinery  
  79  8:16  Command Center  
  79  8:17  Marine  
  79  8:18  Marauder, Marine, SCV x2  
  85  8:30  SCV  
  85  8:31  Supply Depot  
  85  8:32  Medivac x2, Marauder  
  92  8:35  SCV  
  92  8:36  Marine  
  94  8:46  Factory Reactor  
  94  8:52  Marine, SCV  
  94  8:53  Marauder  
  98  8:57  Marauder, Barracks Reactor  
  98  8:58  Marine  
  98  9:01  SCV  
  102  9:03  Supply Depot  
  102  9:10  Concussive Shells  
  102  9:12  Terran Infantry Armor Level 1  
  102  9:14  Supply Depot  
  102  9:15  Supply Depot  
  102  9:17  Medivac x2, Marine  
  102  9:18  Marauder, SCV  
  110  9:24  SCV  
  110  9:26  Marauder x2, Marine  
  110  9:30  Orbital Command  
  116  9:32  Liberator  
  116  9:33  Liberator  
  116  9:34  Marine x2  
  116  9:35  Marine  
  116  9:37  Widow Mine  
  121  9:38  Widow Mine  
  121  9:40  SCV  
  121  9:41  SCV  
  131  9:53  SCV  
  131  9:55  Marauder, Marine  
  131  9:57  SCV  
  131  9:58  Marine  
  131  9:59  Marine  
  137  10:01  SCV  
  137  10:03  Marauder  
  141  10:08  Supply Depot  
  141  10:09  Marauder  
  141  10:10  Marine  
  141  10:13  Marine  
  144  10:23  SCV  
  144  10:24  Marine x2  
  144  10:25  Marauder, Marine  
  147  10:34  Marauder, Marine  
  150  10:36  Armory  
  150  10:37  Supply Depot  
  150  10:38  Marine, Refinery  
  150  10:39  Widow Mine x2  
  155  10:47  Marauder  
  157  10:59  Marine x2  
  164  11:05  Marauder x2  
  164  11:08  Marauder, Marine  
  138  11:11  Marine  
  138  11:16  Marine x2  
  128  11:31  Barracks x3  
Tags
 
Add a new tag
Caveats
  • Supply blocks, unpowered buildings, or Contaminate may cause inaccurate times.
  • Supply counts are checked every 10 seconds.